Map: Dreamcatcher LE

Players

PtitDrogo

  • Race: Protoss Protoss
  • Spawn Location: 5:00

Elazer - Winner!

  • Race: Zerg Zerg
  • League: Grandmaster
  • Spawn Location: 11:00

Event: HomeStory Cup XVII

VOD

Have the link to the VOD?

Description

Time

  • Played on: June 29, 2018, 8:09 a.m.
  • Length: 18:19

All games in this series

Show
View Real Time Build Order
Export as new Build Order

PtitDrogo Protoss 

Build Orders: 1 Gate Expand, Oracle Opening, Phoenix Opening, Archon Immortal, Carriers, Zealot Archon, Archon Drop 

Get SALT Encoding   

  12  0:00  Probe  
  13  0:13  Probe  
  14  0:18  Pylon  
  14  0:25  Probe  
  15  0:33  Probe  
  15  0:41  Probe  
  16  0:43  Gateway  
  16  0:46  Assimilator  
  17  0:51  Probe  
  18  1:03  Probe  
  19  1:15  Probe  
  20  1:24  Nexus  
  20  1:33  Cybernetics Core  
  20  1:35  Probe  
  21  1:40  Assimilator  
  21  1:47  Probe  
  21  1:50  Pylon  
  22  1:59  Probe  
  22  2:00  Adept  
  23  2:11  Probe  
  26  2:16  Stargate  
  26  2:19  Warp Gate  
  26  2:23  Probe  
  26  2:26  Adept  
  29  2:32  Probe x2  
  31  2:40  Probe  
  31  2:41  Probe  
  31  2:50  Probe x2  
  33  2:56  Phoenix  
  35  3:02  Probe  
  35  3:03  Probe  
  39  3:09  Pylon  
  39  3:14  Probe  
  39  3:15  Probe  
  39  3:18  Oracle  
  41  3:23  Assimilator  
  41  3:25  Assimilator  
  41  3:26  Probe  
  45  3:27  Probe  
  45  3:32  Robotics Facility  
  46  3:38  Probe  
  47  3:41  Probe  
  47  3:44  Pylon  
  48  3:50  Probe  
  48  3:52  Twilight Council  
  49  3:58  Probe  
  50  4:07  Gateway, Probe  
  50  4:08  Gateway  
  50  4:09  Gateway  
  51  4:10  Probe  
  51  4:15  Warp Prism  
  52  4:25  Zealot  
  52  4:27  Probe x2  
  52  4:30  Templar Archives  
  58  4:37  Pylon  
  58  4:41  Forge  
  58  4:51  Nexus  
  58  4:59  Pylon  
  58  5:01  Protoss Ground Weapons Level 1  
  58  5:07  Probe x2  
  58  5:09  Pylon  
  58  5:11  Observer  
  60  5:16  High Templar x3  
  60  5:17  High Templar  
  60  5:21  Archon, Shield Battery  
  69  5:22  Archon  
  69  5:24  Immortal, Probe x2  
  75  5:36  Probe  
  75  5:40  Probe  
  77  5:44  Gateway x2  
  77  5:48  Probe  
  78  5:51  Immortal  
  78  5:52  Probe, Charge  
  79  6:00  Probe  
  84  6:04  Gateway  
  84  6:07  Gateway, Probe  
  85  6:12  Probe  
  85  6:13  Probe  
  85  6:15  Pylon  
  87  6:19  Probe  
  87  6:25  Probe x2  
  90  6:26  Assimilator, Psionic Storm  
  90  6:27  Assimilator  
  90  6:31  Probe  
  91  6:37  Probe x2  
  93  6:43  Probe  
  94  6:49  Probe  
  94  6:50  Probe  
  94  6:51  Protoss Ground Weapons Level 2, High Templar  
  94  6:52  High Templar x2  
  102  6:55  Probe  
  102  6:57  Pylon  
  102  6:59  Pylon  
  102  7:01  Probe  
  104  7:02  Probe  
  105  7:09  Probe  
  105  7:10  Immortal  
  105  7:12  High Templar  
  105  7:13  Probe  
  113  7:23  Zealot x4  
  113  7:24  Zealot  
  121  7:49  Probe  
  122  7:51  Zealot  
  122  7:57  Pylon  
  122  7:59  Pylon  
  122  8:00  Photon Cannon  
  122  8:01  Photon Cannon  
  122  8:02  Photon Cannon x2  
  122  8:05  Shield Battery  
  116  8:14  Nexus  
  116  8:15  Immortal  
  116  8:16  Archon  
  116  8:17  Zealot x4, Pylon  
  116  8:19  High Templar x2  
  126  8:31  Zealot  
  126  8:32  Zealot  
  126  8:34  Pylon  
  126  8:37  Assimilator  
  126  8:38  Observer  
  126  8:39  High Templar x2  
  130  8:42  Assimilator  
  130  8:44  Immortal  
  130  8:45  Photon Cannon, Zealot x2  
  130  8:47  Photon Cannon  
  133  8:53  Zealot x4  
  145  9:05  Probe  
  145  9:08  Zealot x2  
  146  9:11  Archon  
  146  9:13  Probe  
  143  9:24  Immortal, Archon  
  123  9:27  Zealot x4  
  124  9:31  Probe  
  124  9:32  Zealot x4  
  124  9:34  Protoss Ground Weapons Level 3  
  120  9:47  Fleet Beacon  
  120  9:48  Stargate  
  120  9:51  Stargate  
  114  9:55  Immortal  
  112  10:02  High Templar, Probe x2  
  112  10:03  High Templar x5  
  112  10:04  Zealot x2  
  134  10:10  Archon  
  134  10:11  Archon  
  132  10:16  Photon Cannon x2  
  132  10:18  Photon Cannon x2  
  132  10:23  Assimilator  
  132  10:28  Zealot x2  
  134  10:33  Immortal  
  134  10:34  Carrier x2  
  122  10:37  Zealot x3  
  122  10:38  Zealot x3  
  132  10:57  Carrier  
  132  11:04  Pylon  
  130  11:05  Archon, Pylon  
  130  11:06  Pylon  
  124  11:16  Zealot x4  
  124  11:23  Protoss Air Weapons Level 1  
  124  11:26  Zealot x4  
  124  11:31  Graviton Catapult  
  132  11:38  Zealot x4  
  124  11:49  High Templar x3  
  130  12:02  Zealot x5  
  140  12:09  Carrier  
  140  12:10  Carrier  
  134  12:22  Archon  
  142  12:27  Zealot x2  
  142  12:28  Zealot x4  
  122  12:34  Probe x2  
  95  12:40  Zealot x2  
  95  12:49  Zealot x2  
  99  12:54  High Templar x2  
  103  13:02  High Templar x2  
  107  13:15  Carrier  
  100  13:34  High Templar  
  100  13:35  High Templar, Zealot x4  
  112  14:03  Nexus  
  112  14:13  Zealot x5  
  114  14:40  Zealot x2  
  114  14:41  Zealot x4  
  126  14:51  Archon  
  108  15:13  High Templar x4  
  108  15:14  High Templar  
  118  15:21  Pylon  
  110  15:28  Protoss Air Weapons Level 2  
  108  15:43  Assimilator  
  108  15:45  High Templar x3  
  108  15:46  High Templar x3  
  116  15:55  Archon  
  116  15:56  Archon x2  
  116  16:01  Photon Cannon  
  99  16:25  Archon  
  96  16:26  Zealot x5  
  99  16:35  Zealot  
  79  16:57  Zealot  
  79  16:58  High Templar  
  77  17:16  High Templar  
  77  17:21  High Templar  
  81  17:25  High Templar  
  81  17:28  High Templar  
  81  17:31  High Templar  
  81  17:34  High Templar  
  85  17:48  Zealot  
  87  17:57  Zealot  
  89  18:04  Archon x2  
  77  18:08  Zealot x2  
Show
View Real Time Build Order
Export as new Build Order

Elazer Zerg - Winner!

Build Orders: Hatch First, Swarm Host 

Get SALT Encoding   

  12  0:00  Drone  
  13  0:12  Overlord  
  13  0:17  Drone  
  14  0:30  Drone x2  
  16  0:47  Hatchery  
  15  0:51  Drone  
  15  0:54  Drone  
  17  0:57  Drone  
  18  1:08  Extractor  
  17  1:13  Spawning Pool  
  17  1:16  Drone  
  17  1:19  Drone  
  18  1:27  Drone  
  19  1:38  Drone  
  20  1:48  Overlord  
  20  1:59  Queen x2  
  20  2:01  Zergling x4  
  26  2:09  Metabolic Boost  
  26  2:10  Drone  
  26  2:11  Drone  
  28  2:24  Drone x2  
  30  2:33  Drone x2  
  32  2:42  Hatchery  
  31  2:44  Queen  
  31  2:49  Overlord  
  33  2:56  Drone x2  
  35  3:05  Zergling x2  
  36  3:09  Drone x4  
  36  3:10  Drone x2  
  42  3:14  Overlord  
  42  3:20  Queen  
  42  3:24  Overlord  
  44  3:32  Drone x2  
  44  3:33  Drone x2  
  48  3:39  Drone  
  48  3:40  Drone  
  48  3:41  Drone x2  
  52  3:44  Spore Crawler  
  52  3:45  Overlord  
  51  3:52  Drone  
  51  3:55  Overlord  
  52  3:57  Drone x2  
  52  4:02  Drone  
  55  4:03  Drone  
  55  4:04  Spore Crawler, Drone  
  55  4:05  Spore Crawler  
  55  4:07  Lair  
  56  4:12  Queen  
  56  4:14  Drone  
  56  4:16  Drone  
  60  4:18  Drone  
  60  4:21  Drone x3  
  63  4:28  Extractor  
  63  4:29  Extractor  
  63  4:30  Roach Warren, Drone  
  63  4:31  Drone  
  62  4:34  Drone  
  62  4:36  Overlord  
  63  4:40  Drone x3  
  63  4:42  Drone  
  67  4:48  Overlord  
  69  4:55  Drone  
  69  4:56  Drone x3  
  69  4:58  Overlord  
  73  5:06  Overlord  
  70  5:10  Roach x5, Glial Reconstitution  
  70  5:12  Evolution Chamber  
  79  5:14  Roach, Extractor  
  79  5:15  Extractor  
  79  5:16  Roach x3  
  79  5:19  Roach  
  87  5:25  Roach  
  87  5:26  Roach  
  91  5:29  Overlord  
  91  5:34  Overlord  
  95  5:35  Roach x2  
  95  5:36  Roach  
  95  5:39  Overlord x2, Overseer  
  97  5:48  Overlord  
  97  5:51  Infestation Pit, Drone x2  
  97  5:52  Overlord, Drone  
  97  5:53  Roach  
  97  5:54  Roach  
  97  5:56  Overlord  
  103  5:58  Extractor  
  103  5:59  Roach  
  103  6:02  Overlord  
  103  6:04  Roach  
  106  6:10  Overlord  
  106  6:16  Roach x5  
  116  6:20  Overlord  
  116  6:33  Swarm Host x5  
  131  6:40  Swarm Host x2  
  131  6:46  Overlord  
  131  6:47  Overlord  
  137  6:52  Swarm Host x2  
  143  6:58  Swarm Host  
  146  7:02  Zerg Missile Weapons Level 1  
  146  7:03  Overlord  
  144  7:10  Swarm Host  
  144  7:11  Swarm Host  
  148  7:23  Swarm Host  
  148  7:24  Swarm Host  
  148  7:25  Overlord  
  148  7:27  Overseer  
  154  7:33  Swarm Host x2  
  154  7:36  Roach  
  159  7:45  Swarm Host x2  
  159  7:49  Swarm Host  
  162  7:53  Roach x3  
  168  8:00  Overlord  
  168  8:01  Roach x5  
  160  8:20  Roach x11  
  160  8:26  Roach x4  
  178  8:30  Roach x3  
  184  8:39  Ravager  
  184  8:40  Ravager  
  186  8:50  Ravager  
  186  8:54  Roach x6  
  194  9:15  Ravager x3  
  191  9:23  Roach  
  191  9:24  Roach x5  
  175  9:31  Roach x11  
  182  9:40  Roach x5  
  173  9:47  Roach x3  
  168  10:01  Roach x5  
  178  10:10  Roach x6, Ravager x2  
  192  10:20  Roach x3  
  198  10:21  Ravager  
  195  10:41  Roach  
  195  10:42  Roach x5  
  198  10:45  Ravager  
  198  10:47  Zerg Missile Weapons Level 2  
  178  10:58  Roach  
  178  10:59  Roach x6  
  178  11:01  Hatchery  
  178  11:02  Ravager x2  
  178  11:04  Roach  
  193  11:11  Roach x4  
  180  11:14  Roach  
  163  11:20  Roach x3  
  163  11:25  Roach x2  
  164  11:29  Roach x2  
  168  11:38  Roach x4  
  176  11:47  Ravager x2  
  176  11:48  Ravager x2  
  176  11:49  Roach x2  
  176  11:52  Drone x3  
  176  11:54  Roach  
  189  11:55  Ravager  
  189  12:07  Roach  
  189  12:08  Roach x5  
  193  12:13  Roach x2  
  189  12:24  Hydralisk Den  
  180  12:35  Drone x6  
  171  12:37  Drone x2  
  159  12:55  Hydralisk  
  159  12:56  Hydralisk x5, Muscular Augments  
  171  13:01  Hatchery  
  168  13:07  Drone  
  168  13:08  Hydralisk x3, Drone  
  175  13:18  Drone  
  175  13:19  Drone  
  173  13:26  Hydralisk x6  
  185  13:33  Drone x6  
  191  13:43  Drone x3  
  191  13:45  Hydralisk  
  191  13:46  Hydralisk x2  
  197  13:50  Zerg Ground Armor Level 1  
  197  14:00  Hydralisk  
  199  14:17  Grooved Spines  
  186  14:32  Hydralisk x6  
  186  14:33  Hydralisk x3  
  198  14:43  Hydralisk  
  183  14:53  Hydralisk x12  
  179  15:05  Hydralisk x3  
  179  15:06  Hydralisk x4  
  193  15:10  Drone x2  
  193  15:11  Drone, Extractor  
  195  15:15  Hydralisk x2  
  196  15:31  Hydralisk x6  
  184  15:37  Zergling x2  
  184  15:38  Zergling x30  
  184  15:39  Hydralisk  
  196  15:49  Zerg Ground Armor Level 2  
  196  15:51  Zergling x8  
  196  15:55  Overseer x2  
  196  15:56  Overseer  
  200  15:59  Pneumatized Carapace  
  200  16:05  Overseer  
  200  16:17  Hydralisk x5  
  200  16:18  Hydralisk  
  169  16:27  Hydralisk x4  
  169  16:28  Zergling x12  
  162  16:34  Hydralisk x3  
  152  16:40  Hydralisk x2  
  152  16:43  Hydralisk  
  152  16:46  Zergling x12  
  154  16:50  Hydralisk x2  
  154  16:59  Hydralisk x4  
  149  17:09  Hydralisk x3  
  149  17:14  Zergling x6  
  149  17:15  Zergling x2  
  159  17:29  Hydralisk x7  
  159  17:36  Hydralisk, Hatchery  
  159  17:37  Hydralisk  
  176  17:50  Overlord, Infestation Pit  
  175  17:51  Hydralisk x3  
Tags
 
Add a new tag
Caveats
  • Supply blocks, unpowered buildings, or Contaminate may cause inaccurate times.
  • Supply counts are checked every 10 seconds.